Construct Section Command Post
Selects Canadian Shock Battlegroup
Selects Offensive Resupply
Selects Canadian Shock Section
Construct Platoon Command Post
Unlock M3 Stuart Light Tanks
Construct Field Infirmary
Selects Incendiary Munitions
Construct Company Command Post
Unlock Towed 17-pounder Anti-tank Guns
17-pounder Anti-tank Gun Team
Selects Demolition Engineering
Unlock M3 Grant Medium Tanks
17-pounder Anti-tank Gun Team